 Dungeon Crawl Stone Soup version 0.18.1-50-g88ac8fd (webtiles) character file.

1913 Monkfish the Thrower (level 9, -1/51 HPs)
             Began as a Kobold Assassin on Oct 22, 2016.
             Was an Initiate of Dithmenos.
             Slain by Duvessa
             ... wielding a +0 short sword of venom
              (8 damage)
             ... on level 7 of the Dungeon.
             The game lasted 00:15:27 (6148 turns).

Monkfish the Thrower (Kobold Assassin)              Turns: 6148, Time: 00:15:28

Health: -1/51      AC:  5    Str: 10    XL:     9   Next: 39%
Magic:  9/9        EV: 14    Int:  9    God:    Dithmenos [......]
Gold:   238        SH:  3    Dex: 20    Spells: 0 memorised, 8 levels left

rFire  + . .     SeeInvis .     m - +2 dagger (venom)
rCold  . . .     Gourm    .     s - +0 leather armour
rNeg   . . .     Faith    .     (shield restricted)
rPois  .         Spirit   .     o - +0 helmet
rElec  .         Dismiss  .     d - +0 cloak
rCorr  .         Reflect  +     (no gloves)
SustAt .         Harm     .     (no boots)
MR     +....                    c - +3 amulet of reflection
Stlth  ++++......               a - ring of protection from magic
                                r - ring of protection from fire

@: lethally poisoned (-1 -> -12), somewhat resistant to hostile enchantments,
stealthy
A: carnivore 3
a: Renounce Religion


You were on level 7 of the Dungeon.
You worshipped Dithmenos.
Dithmenos was noncommittal.
You were very full.

You visited 2 branches of the dungeon, and saw 8 of its levels.

You collected 238 gold pieces.

Inventory:

Hand Weapons
 b - a +0 blowgun
 m - a +2 dagger of venom (weapon)
Missiles
 e - 19 poisoned needles
 f - 2 curare-tipped needles
Armour
 d - a +0 cloak (worn)
 o - a +0 helmet (worn)
 s - a +0 leather armour (worn)
 w - a +0 cloak
Jewellery
 a - a ring of protection from magic (right hand)
 c - a +3 amulet of reflection (around neck)
 l - an uncursed ring of protection from cold {unknown}
 r - a ring of protection from fire (left hand)
Scrolls
 h - 2 scrolls of remove curse
 q - 2 scrolls of teleportation
 t - a scroll of recharging
 v - a scroll of magic mapping {unknown}
 x - a scroll of identify
Potions
 i - 4 potions of curing
 k - a potion of haste
 p - 2 potions of might
 u - a potion of mutation
Comestibles
 g - 3 meat rations
 j - a royal jelly
 n - 10 slices of pizza
 z - 2 beef jerkies


   Skills:
 + Level 3.6 Fighting
 + Level 5.0 Short Blades
 * Level 11.5 Throwing
 - Level 1.2 Dodging
 + Level 6.2 Stealth


You had 8 spell levels left.
You didn't know any spells.

Dungeon Overview and Level Annotations

Branches:
Dungeon (7/15)             Temple (1/1) D:4

Altars:
Ashenzari
Cheibriados
Dithmenos
Elyvilon
Fedhas
Gozag
Kikubaaqudgha
Makhleb
Nemelex Xobeh
Okawaru
Pakellas
Qazlal
Ru
Sif Muna
Trog
Vehumet
Xom
Zin
The Shining One

Annotations:
D:4 exclusion: ogre
D:5 Eustachio
D:6 Krapule's ghost, novice HaFi
D:7 Duvessa


Innate Abilities, Weirdness & Mutations

You are small and have problems with some larger weapons.
You are carnivorous and can eat meat at any time.


Message History

* * * LOW HITPOINT WARNING * * *
You feel sick. Duvessa completely misses you.
Drink which item? (? for menu, Esc to quit)
You feel better.
Duvessa hits you with a short sword of venom.
You are poisoned.
You feel sick.
Duvessa hits you with a short sword of venom!
* * * LOW HITPOINT WARNING * * *
You are lethally poisoned!
Duvessa completely misses you.
* * * LOW HITPOINT WARNING * * *
You feel sick.
* * * LOW HITPOINT WARNING * * *
You feel sick.
* * * LOW HITPOINT WARNING * * *
You feel sick.
Duvessa rages.
Duvessa hits you with a short sword of venom!
You die...

........'........#
........####...#.#
.......## ##.##.#
#.....## ####.#
##...## #.# ##+#
#.# #. #.# #.##
### #.# ##... ..#
#@# ##...# #.# #e#
...... #.# #.#
#....#####.#####.#
.##..##.)........#
....(...##.#######
((...#####.#
####.#####.#
#.......#


You could see Duvessa (berserk).

Vanquished Creatures
  A yak (D:7)
  A human (D:7)
  3 ice beasts
  A sky beast (D:5)
  A phantom (D:6)
  An ogre (D:5)
  3 centaurs
  A giant frog (D:7)
  Dowan (D:7)
  3 scorpions
  A howler monkey (D:6)
  2 crimson imps
  3 giant frog skeletons
  An orc wizard (D:5)
  3 worker ants
  Terence (D:3)
  An iguana (D:6)
  3 sheep (D:7)
  A hound zombie (D:3)
  A worker ant zombie (D:5)
  A howler monkey skeleton (D:4)
  7 adders
  An ooze (D:2)
  2 adder skeletons (D:6)
  4 worms
  2 dart slugs
  3 giant geckos
  4 orcs (D:5)
  A ball python (D:4)
  2 bats
  3 giant cockroaches
  5 goblins
  4 hobgoblins
  2 kobolds
  5 quokkas
  A ball python zombie (D:6)
  3 giant newts
  A quokka zombie (D:6)
  8 rats
92 creatures vanquished.

Notes
Turn   | Place    | Note
--------------------------------------------------------------
     0 | D:1      | Monkfish the Kobold Assassin began the quest for the Orb.
     0 | D:1      | Reached XP level 1. HP: 12/12 MP: 1/1
   410 | D:1      | Reached XP level 2. HP: 17/17 MP: 2/2
   838 | D:2      | Reached skill level 3 in Throwing
   841 | D:2      | Reached XP level 3. HP: 19/21 MP: 3/3
  1260 | D:2      | Found a shimmering altar of Xom.
  1618 | D:3      | Reached skill level 4 in Throwing
  1618 | D:3      | Reached XP level 4. HP: 23/27 MP: 4/4
  2103 | D:3      | Noticed a centaur
  2113 | D:3      | Killed a centaur
  2113 | D:3      | Reached skill level 5 in Throwing
  2113 | D:3      | Reached XP level 5. HP: 22/31 MP: 5/5
  2178 | D:3      | Noticed Terence
  2187 | D:3      | Killed Terence
  2238 | D:4      | Reached XP level 6. HP: 32/36 MP: 6/6
  2280 | D:4      | Found a staircase to the Ecumenical Temple.
  2287 | D:4      | Reached skill level 6 in Throwing
  2335 | Temple   | Entered the Ecumenical Temple
  2910 | D:4      | Noticed an ogre
  2947 | D:4      | Reached skill level 7 in Throwing
  2947 | D:4      | Reached XP level 7. HP: 28/40 MP: 7/7
  2961 | D:4      | Found a snail-covered altar of Cheibriados.
  3320 | D:5      | Entered Level 5 of the Dungeon
  3604 | D:5      | Reached skill level 8 in Throwing
  3793 | D:5      | Reached XP level 8. HP: 20/46 MP: 8/8
  3962 | D:5      | Reached skill level 9 in Throwing
  4102 | D:5      | Noticed Eustachio
  4747 | D:6      | Noticed Krapule's ghost (novice HaFi)
  4891 | D:6      | Reached skill level 10 in Throwing
  4943 | D:6      | Found a stormy altar of Qazlal.
  5207 | D:6      | Found an opulent altar of Gozag.
  5220 | D:6      | Found a shadowy altar of Dithmenos.
  5227 | D:6      | Became a worshipper of Dithmenos the Shadowed
  5728 | D:7      | Reached XP level 9. HP: 51/51 MP: 9/9
  5897 | D:7      | Reached skill level 5 in Short Blades
  5897 | D:7      | Reached skill level 11 in Throwing
  6073 | D:7      | Noticed Dowan
  6109 | D:7      | Killed Dowan
  6123 | D:7      | Noticed Duvessa
  6148 | D:7      | Slain by Duvessa

Skill      XL: |  1  2  3  4  5  6  7  8  9 |
---------------+----------------------------+-----
Short Blades   | 3 4 5 |  5.0
Throwing       | 3 4 5 7 8 10 11 | 11.5
Fighting       | 3 |  3.6
Stealth        | 6 |  6.2
Dodging        | |  1.2

Action                   |  1- 3 |  4- 6 |  7- 9 || total
-------------------------+-------+-------+-------++-------
Melee: Dagger            |    50 |    58 |   199 ||   307
       Blowgun           |       |       |     1 ||     1
 Fire: Blowgun           |    51 |    40 |   110 ||   201
  Use: Scroll            |     5 |     4 |     5 ||    14
       Potion            |     7 |       |     3 ||    10
 Stab: Sleeping          |     2 |     3 |     5 ||    10
       Distracted        |       |       |     1 ||     1
  Eat: Chunk             |     5 |     4 |    14 ||    23
Armor: Robe              |     8 |       |       ||     8
       Leather armour    |     3 |    13 |    31 ||    47
Dodge: Dodged            |    37 |    24 |   103 ||   164
Block: Other             |       |     7 |    13 ||    20
       Reflection        |       |       |     1 ||     1
